 Dungeon Crawl Stone Soup version 0.30-a0-121-gb27577e5d9 (webtiles) character file.

Game seed: 15189912516852196771

100366 Garessta the Champion of Chaos (level 15, -1/127 HPs)
             Began as a Demonspawn Brigand on Sept 14, 2022.
             Was the Champion of Makhleb.
             Slain by an anaconda (3 damage)
             ... on level 2 of the Snake Pit.
             The game lasted 01:50:57 (30600 turns).

Garessta the Champion of Chaos (DsBr)              Turns: 30600, Time: 01:50:58

Health: -1/127     AC:  9    Str: 11    XL:     15   Next: 80%
Magic:  20/26      EV: 21    Int: 16    God:    Makhleb [******]
Gold:   2491       SH: 13    Dex: 28    Spells: 14/14 levels left

rFire   + . .      SeeInvis .    Y - +0 rapier (venom)
rCold   . . .      Faith    .    Q - +0 buckler
rNeg    . . .      Spirit   .    y - +1 robe {Will+}
rPois   +          Reflect  +    J - +0 helmet
rElec   .          Harm     .    L - scarf {repulsion}
rCorr   .          Rampage  .    t - +1 pair of gloves
Will    ++...                    O - +0 pair of boots
Stlth   +++++.....               n - amulet of reflection
HPRegen 1.31/turn                m - ring "Niemo" {rF+ Int+3 Dex+6}
MPRegen 0.20/turn                E - ring of poison resistance

@: lethally poisoned (-1 -> -3), constricted, repel missiles
A: rugged brown scales 2, ignite blood 1, powered by death 3, weakness stinger 2
a: Renounce Religion, Minor Destruction, Lesser Servant of Makhleb, Major
Destruction, Greater Servant of Makhleb


You were on level 2 of the Snake Pit.
You worshipped Makhleb.
Makhleb was exalted by your worship.
You visited 5 branches of the dungeon, and saw 24 of its levels.
You also visited: Sewer and Ice Cave.

You collected 3062 gold pieces.
You spent 571 gold pieces at shops.

Inventory:

Hand Weapons
 C - a +2 vampiric long sword
 Y - a +0 rapier of venom (weapon)
Missiles
 d - 49 poisoned darts (quivered)
 e - 5 curare-tipped darts
 g - a throwing net
 u - 2 boomerangs of dispersal
 D - 3 silver boomerangs
Armour
 t - a +1 pair of gloves (worn)
 y - a +1 robe of willpower (worn)
 J - a +0 helmet (worn)
 L - a scarf of repulsion (worn)
 O - a +0 pair of boots (worn)
 Q - a +0 buckler (worn)
Jewellery
 j - an amulet of guardian spirit
 m - the ring "Niemo" (left hand) {rF+ Int+3 Dex+6}
   (You found it on level 1 of the Snake Pit)

   [ring of protection from fire]

   Int:       It affects your intelligence (+3).
   Dex:       It affects your dexterity (+6).
   rF:        It protects you from fire.
 n - an amulet of reflection (around neck)
 v - a +6 ring of strength
 A - a ring of positive energy
 E - a ring of poison resistance (right hand)
 F - a +6 ring of dexterity
 V - a ring of protection from fire
Wands
 s - a wand of charming (10)
 w - a wand of flame (6)
 R - a wand of roots (5)
 S - a wand of digging (11)
 U - a wand of light (3)
 X - a wand of mindburst (10)
Scrolls
 b - 4 scrolls of poison
 l - 7 scrolls of teleportation
 p - 4 scrolls of blinking
 q - a scroll of enchant armour
 r - a scroll of torment {unknown}
 G - 2 scrolls of amnesia
 I - 3 scrolls of fog
 K - 2 scrolls of enchant weapon
 N - a scroll of acquirement {unknown}
 P - 3 scrolls of magic mapping
Potions
 a - 2 potions of cancellation
 c - a potion of flight
 f - a potion of invisibility {unknown}
 h - 4 potions of lignification
 i - a potion of brilliance {unknown}
 k - 3 potions of might
 o - 3 potions of heal wounds
 x - 3 potions of ambrosia
 z - 12 potions of curing
 B - a potion of attraction {unknown}
 H - 3 potions of haste
 M - 2 potions of berserk rage
 W - a potion of magic
 Z - a potion of experience {unknown}
Miscellaneous
 T - a phantom mirror (inert)


   Skills:
 + Level 12.2 Fighting
 + Level 13.5 Short Blades
 + Level 9.0 Throwing
 - Level 12.4 Dodging
 + Level 10.9 Stealth
 + Level 7.5 Shields
 + Level 15.3 Invocations


You had 14 spell levels left.
You didn't know any spells.
Your spell library contained the following spells:

 Spells                   Type           Power      Damage    Failure   Level
 Magic Dart               Conj           0%         1d3       30%         1
 Call Imp                 Summ           0%         N/A       43%         2
 Cigotuvi's Dreadful Rot  Necr/Pois/Air  0%         N/A       43%         2
 Ensorcelled Hibernation  Hex/Ice        0%         N/A       43%         2
 Sublimation of Blood     Necr           0%         N/A       43%         2
 Wereblood                Tmut           0%         N/A       43%         2
 Confusing Touch          Hex            0%         N/A       67%         3
 Mephitic Cloud           Conj/Pois/Air  0%         N/A       67%         3
 Ozocubu's Armour         Ice            0%         N/A       67%         3
 Spider Form              Tmut/Pois      0%         N/A       67%         3
 Anguish                  Hex/Necr       0%         N/A       97%         4
 Animate Armour           Summ/Erth      0%         N/A       97%         4
 Cause Fear               Hex            0%         N/A       97%         4
 Dispel Undead            Necr           0%         3d6       97%         4
 Hailstorm                Conj/Ice       0%         3d3       97%         4
 Ice Form                 Ice/Tmut       0%         N/A       97%         4
 Passage of Golubria      Tloc           0%         N/A       97%         4
 Petrify                  Tmut/Erth      0%         N/A       97%         4
 Summon Ice Beast         Ice/Summ       0%         N/A       97%         4
 Blade Hands              Tmut           0%         N/A       100%        5
 Irradiate                Conj/Tmut      0%         3d11      100%        5
 Metabolic Englaciation   Hex/Ice        0%         N/A       100%        5
 Silence                  Hex/Air        0%         N/A       100%        5
 Summon Mana Viper        Hex/Summ       0%         N/A       100%        5
 Yara's Violent Unravell  Hex/Tmut       0%         3d3       100%        5
 Death Channel            Necr           0%         N/A       100%        6
 Iron Shot                Conj/Erth      0%         9d1       100%        6
 Statue Form              Tmut/Erth      0%         N/A       100%        6
 Dragon Form              Tmut           0%         N/A       100%        7
 Enfeeble                 Hex            0%         N/A       100%        7
 Monstrous Menagerie      Summ           0%         N/A       100%        7
 Summon Hydra             Summ           0%         N/A       100%        7
 Lehudib's Crystal Spear  Conj/Erth      0%         10d2      100%        8
 Chain Lightning          Conj/Air       0%         N/A       100%        9
 Dragon's Call            Summ           0%         N/A       100%        9
 Fire Storm               Conj/Fire      0%         5d1       100%        9
 Shatter                  Erth           0%         3d5*      100%        9


Dungeon Overview and Level Annotations

Branches:
Dungeon (14/15)            Temple (1/1) D:7            Lair (5/5) D:10
 Shoals (0/4) Lair:3        Snake (2/4) Lair:2        Slime (0/5) Lair:4
    Orc (2/2) D:11            Elf (0/3) Orc:2        Vaults (0/5) D:14
  Sewer (visited)           IceCv (visited)

Altars:
Ashenzari
Cheibriados
Dithmenos
Fedhas
Gozag
Hepliaklqana
Kikubaaqudgha
Makhleb
Nemelex Xobeh
Okawaru
Ru
Trog
Uskayaw
Vehumet
Wu Jian
Xom
Yredelemnul

Shops:
D:6 *   D:10 :   D:12 (   Orc:1 =   Orc:2 :(*[?

Annotations:
D:12 2 transporters, TrveKvltVest666's ghost, journeyman DsAK
Temple 4 transporters
Lair:3 2 transporters, Mandevil's ghost, adept TrEE


Innate Abilities, Weirdness & Mutations

You are mostly covered in rugged brown scales. (AC +2, +5% HP)
Your demonic aura sometimes causes spilled blood to erupt in flames.
You regenerate a lot of health from kills.
You have a tail ending in a sharp stinger.


Message History

The anaconda is engulfed in blazing flames.
The anaconda completely misses you. The anaconda closely misses you.
The guardian serpent coils itself and waves its upper body at you.
The bolt of poison hits you.
You are more poisoned.
You resist.
The guardian serpent casts a spell at you.
The mana viper blinks!
The guardian serpent blinks! x2; The anaconda blinks!
A demon appears!
You feel very sick. You block the black mamba's attack.
The anaconda is engulfed in blazing flames.
The anaconda grabs you. You block the anaconda's attack.
The anaconda constricts you.
The black mamba bites you but does no damage.
The guardian serpent hits you!
The guardian serpent closely misses you.
The anaconda bites you but does no damage.
The mana viper bites you.
You feel your power leaking away. You block the black mamba's attack.
The anaconda is engulfed in blazing flames.
The anaconda barely misses you. The anaconda constricts you.
The black mamba misses you. The guardian serpent barely misses you.
The anaconda's grasp on you weakens, but your attempt to escape fails.
You feel sick. The anaconda bites you!
* * * LOW HITPOINT WARNING * * *
The guardian serpent hits you!
* * * LOW HITPOINT WARNING * * *
The black mamba barely misses you. You block the anaconda's attack.
The anaconda constricts you.
* * * LOW HITPOINT WARNING * * *
You block the mana viper's attack.
The black mamba bites you but does no damage.
The guardian serpent hits you!
* * * LOW HITPOINT WARNING * * *
The anaconda closely misses you. The guardian serpent hits you.
* * * LOW HITPOINT WARNING * * *
You block the black mamba's attack. The anaconda bites you.
You die...

..............#
#...........)...
...........?..#
##...........###
.............)#
##.....###..###
..#######.#...#### ##..###
#####. .##.....##.......#
#### ##
.#.....).#.......### ##8
.....<..)..........# #8...
..⌠.....⌠......SSS.#......
...............S@SS'§.....
##..⌠.⌠........2SS.#.....§
##.....#........§.# #8...
##...############# ##8
#..## ## #.## #######. #.#
#....... ###.# ##......
#...# ##....#


You could see 2 anacondas, a mana viper (ally target), 3 guardian serpents, 2
black mambas and a friendly balrug (summoned).

Vanquished Creatures
  2 nagarajas (Snake:2)
  A frost giant (IceCv)
  An orc warlord (Orc:2)
  Snorg (Lair:3)
  2 fire dragons (D:14)
  2 hydras (Lair:4)
  5 centaur warriors (D:14)
  5 catoblepae
  3 anacondas (Snake:2)
  A naga warrior (Snake:1)
  2 two-headed ogres
  A boulder beetle (D:14)
  A tengu warrior (D:13)
  11 death yaks
  3 orc high priests (Orc:2)
  5 naga sharpshooters (Snake:1)
  A shock serpent (Snake:1)
  Nergalle (Lair:1)
  Lodul (D:11)
  A deep troll (D:14)
  2 naga ritualists (Snake:2)
  A lindwurm (Lair:3)
  5 ugly things
  4 orc sorcerers (Orc:2)
  A necromancer (D:14)
  5 mana vipers
  3 orc knights (Orc:2)
  2 oklob plants (Lair:2)
  4 manticores
  A salamander (Snake:2)
  3 cyclopes
  16 elephants
  16 black mambas
  A guardian serpent (Snake:2)
  A naga mage (Snake:1)
  An ice statue (IceCv)
  A gargoyle (D:13)
  2 torpor snails
  7 cane toads
  9 rime drakes (IceCv)
  An unseen horror (D:11)
  2 tengu conjurers (D:13)
  6 komodo dragons
  2 hornets (D:10)
  7 polar bears
  4 trolls
  Prince Ribbit (D:6)
  4 dream sheep (Lair:4)
  A blink frog (shapeshifter) (D:14)
  16 blink frogs
  A snapping turtle (Lair:3)
  3 slime creatures (D:14)
  A centaur simulacrum (D:14)
  2 shadows
  8 wyverns
  3 wraiths
  A vampire (D:14)
  A fire elemental (Lair:3)
  74 yaks
  4 basilisks
  7 vampire mosquitoes
  A warg (Orc:1)
  An acid dragon (D:9)
  Duvessa (D:5)
  13 nagas
  15 water moccasins
  36 orc warriors
  3 ice beasts
  3 black bears
  10 ogres
  12 centaurs
  14 wolves
  2 phantoms
  13 bullfrogs
  8 kobold brigands
  4 scorpions
  2 gnoll sergeants
  8 wights (D:8)
  10 killer bees
  Dowan (D:5)
  A howler monkey (D:6)
  3 electric eels
  A jelly (D:7)
  A lava snake (Lair:3)
  3 hounds
  2 gnoll boudas
  17 orc priests
  3 iguanas
  20 orc wizards
  Natasha (thrice) (D:3)
  21 gnolls
  16 adders
  2 river rats (Sewer)
  A shadow imp (D:7)
  An ufetubus (D:6)
  6 worms
  3 dart slugs
  86 orcs
  10 ball pythons
  8 bats
  14 endoplasms
  A giant cockroach (D:3)
  4 goblins
  6 hobgoblins
  4 jackals (D:1)
  2 quokkas
  2 frilled lizards
  22 kobolds
  7 rats
711 creatures vanquished.

Vanquished Creatures (collateral kills)
  A death yak (IceCv)
  A skeletal warrior (D:14)
  An ugly thing (D:14)
  An oklob plant (Lair:2)
  A gargoyle (D:14)
  A gnoll sergeant (D:5)
  3 gnolls (D:5)
9 creatures vanquished.

Vanquished Creatures (others)
  An unseen horror (D:11)
  An orc wizard (D:9)
  2 gnolls
  An orc (Orc:2)
  2 giant cockroaches (D:4)
  3 bushes (D:10)
  42 fungi
  34 plants
86 creatures vanquished.

Grand Total: 806 creatures vanquished

Notes
Turn   | Place    | Note
-------+----------+-------------------------------------------
     0 | D:1      | Garessta the Demonspawn Brigand began the quest for the
                  | Orb.
     0 | D:1      | Reached XP level 1. HP: 16/16 MP: 1/1
   156 | D:1      | Gained mutation: You regenerate a little health from kills.
                  | [demonic ancestry]
   156 | D:1      | Reached XP level 2. HP: 16/22 MP: 2/2
   570 | D:1      | Gained mutation: You have a small tail. [demonic ancestry]
   570 | D:1      | Reached XP level 3. HP: 26/27 MP: 3/3
   762 | D:2      | Found a faded altar of an unknown god.
  1376 | D:2      | Gained mutation: You are partially covered in rugged brown
                  | scales. (AC +1, +3% HP) [demonic ancestry]
  1376 | D:2      | Reached XP level 4. HP: 26/33 MP: 4/4
  1907 | D:3      | Noticed Natasha
  1911 | D:3      | Killed Natasha
  2201 | D:3      | Noticed Natasha
  2327 | D:3      | Killed Natasha
  2328 | D:3      | Gained mutation: You regenerate health from kills. [demonic
                  | ancestry]
  2328 | D:3      | Reached XP level 5. HP: 15/39 MP: 5/5
  2672 | D:3      | Noticed Natasha
  2689 | D:3      | Killed Natasha
  2690 | D:3      | Reached skill level 5 in Short Blades
  3559 | D:4      | Noticed a phantom
  3584 | D:4      | Killed a phantom
  3585 | D:4      | Reached XP level 6. HP: 41/45 MP: 6/6
  3937 | D:5      | Entered Level 5 of the Dungeon
  3951 | D:5      | Reached skill level 1 in Dodging
  3957 | D:5      | Gained mutation: Your demonic aura sometimes causes spilled
                  | blood to erupt in flames. [demonic ancestry]
  3957 | D:5      | Reached XP level 7. HP: 51/51 MP: 7/7
  4187 | D:5      | Found a glowing drain.
  4207 | Sewer    | Entered a sewer
  4618 | Sewer    | Reached skill level 5 in Dodging
  4776 | Sewer    | Reached XP level 8. HP: 38/57 MP: 8/8
  5777 | D:5      | Noticed Duvessa
  5777 | D:5      | Noticed Dowan
  5797 | D:5      | Killed Duvessa
  5845 | D:5      | Killed Dowan
  6401 | D:6      | Found a burning altar of Makhleb.
  6401 | D:6      | Found a basalt altar of Yredelemnul.
  6402 | D:6      | Found an ancient bone altar of Kikubaaqudgha.
  6408 | D:6      | Became a worshipper of Makhleb the Destroyer
  6463 | D:6      | Gained mutation: You are mostly covered in rugged brown
                  | scales. (AC +2, +5% HP) [demonic ancestry]
  6463 | D:6      | Reached XP level 9. HP: 57/64 MP: 9/9
  6722 | D:6      | Found a hazy altar of Hepliaklqana.
  6760 | D:6      | Found Ytraxt's Wicked Wares.
  6760 | D:6      | Noticed Prince Ribbit
  6762 | D:6      | Killed Prince Ribbit
  7000 | D:6      | Found a shimmering altar of Xom.
  7329 | D:7      | Reached skill level 10 in Dodging
  7443 | D:7      | Reached * piety under Makhleb
  7674 | D:7      | Reached skill level 10 in Short Blades
  7754 | D:7      | Found a staircase to the Ecumenical Temple.
  7760 | Temple   | Entered the Ecumenical Temple
  7760 | Temple   | Found a transporter.
  7760 | Temple   | Found a transporter.
  7762 | Temple   | Found a transporter.
  7762 | Temple   | Found a transporter.
  8158 | D:8      | Identified the +5 robe of Joras {Str+5 Dex-2}
  8600 | D:8      | Gained mutation: You have a tail ending in a sharp stinger.
                  | [demonic ancestry]
  8600 | D:8      | Reached XP level 10. HP: 70/70 MP: 10/10
  8927 | D:8      | Reached skill level 1 in Invocations
  9044 | D:8      | Reached skill level 2 in Invocations
  9317 | D:9      | Reached ** piety under Makhleb
  9391 | D:9      | Reached skill level 3 in Invocations
  9415 | D:9      | Reached skill level 4 in Invocations
  9451 | D:9      | Reached skill level 5 in Invocations
  9469 | D:9      | Reached skill level 5 in Fighting
  9478 | D:9      | Reached skill level 6 in Invocations
  9734 | D:9      | Identified the +0 robe of the Eternal Fruit {rF+}
 10025 | D:10     | Entered Level 10 of the Dungeon
 10085 | D:10     | Reached skill level 7 in Invocations
 10120 | D:10     | Found a staircase to the Lair.
 10168 | D:10     | Reached skill level 8 in Invocations
 10168 | D:10     | Reached XP level 11. HP: 51/87 MP: 10/17
 10537 | D:10     | Reached *** piety under Makhleb
 10637 | D:10     | Reached skill level 9 in Invocations
 10705 | D:10     | Found Cetwegal's Book Shop.
 11401 | D:11     | Noticed Lodul
 11419 | D:11     | Killed Lodul
 11445 | D:11     | Reached skill level 5 in Stealth
 11808 | D:11     | Found a staircase to the Orcish Mines.
 11951 | D:11     | Noticed a two-headed ogre
 11960 | D:11     | Killed a two-headed ogre
 11997 | D:11     | Reached skill level 10 in Invocations
 12212 | D:11     | Found an iron altar of Okawaru.
 12628 | D:12     | Found a gate leading to a gauntlet.
 12630 | D:12     | Found a transporter.
 12631 | D:12     | You fall into a shaft and drop 2 floors!
 12636 | D:14     | Noticed a fire dragon
 12640 | D:14     | Noticed a brown ugly thing
 12640 | D:14     | Noticed a brown ugly thing
 12648 | D:14     | Noticed a brown ugly thing
 12666 | D:14     | Noticed a centaur warrior
 12691 | D:14     | Killed a centaur warrior
 12701 | D:14     | Noticed a skeletal warrior
 12744 | D:14     | Killed a skeletal warrior
 12745 | D:14     | Reached XP level 12. HP: 41/97 MP: 9/19
 13086 | D:14     | Noticed a centaur warrior
 13098 | D:14     | Noticed a centaur warrior
 13121 | D:14     | Killed a centaur warrior
 13293 | D:14     | Noticed a catoblepas
 13296 | D:14     | Noticed a catoblepas
 13332 | D:14     | Killed a catoblepas
 13343 | D:14     | Killed a catoblepas
 13343 | D:14     | Reached **** piety under Makhleb
 13526 | D:14     | Noticed a boulder beetle
 13551 | D:14     | Killed a boulder beetle
 13552 | D:14     | Reached skill level 11 in Invocations
 13701 | D:13     | Noticed a tengu warrior
 13758 | D:14     | Killed a centaur warrior
 13889 | D:14     | Killed a fire dragon
 14160 | D:13     | Killed a tengu warrior
 14233 | D:13     | Reached skill level 1 in Shields
 14394 | D:12     | Found a transporter.
 14394 | D:12     | Noticed a two-headed ogre
 14395 | D:12     | Noticed TrveKvltVest666's ghost (journeyman DsAK)
 14650 | D:12     | Reached skill level 5 in Throwing
 14799 | D:12     | Noticed a two-headed ogre
 14810 | D:12     | Killed a two-headed ogre
 14916 | D:12     | Reached XP level 13. HP: 101/106 MP: 21/21
 14953 | D:12     | Found Kudugh's Weapon Shop.
 15202 | D:14     | Reached skill level 12 in Invocations
 15825 | D:14     | Noticed a fire dragon
 16210 | D:14     | Killed a fire dragon
 16250 | D:14     | Found a gate to the Vaults.
 16367 | Lair:1   | Entered Level 1 of the Lair of Beasts
 16671 | Lair:1   | Noticed Nergalle
 16692 | Lair:1   | Killed Nergalle
 17228 | Lair:2   | Found a staircase to the Snake Pit.
 17850 | Lair:2   | Reached skill level 10 in Fighting
 19423 | Lair:3   | Found a frozen archway.
 19454 | IceCv    | Entered an ice cave
 20004 | IceCv    | Reached skill level 13 in Invocations
 20335 | IceCv    | Noticed a frost giant
 20363 | IceCv    | Reached ***** piety under Makhleb
 20438 | IceCv    | HP: 2/109 [death yak (21)]
 21037 | IceCv    | Killed a frost giant
 21038 | IceCv    | Gained mutation: You regenerate a lot of health from kills.
                  | [demonic ancestry]
 21038 | IceCv    | Reached XP level 14. HP: 107/116 MP: 18/23
 21165 | IceCv    | Got Tutril Peug's Handbook of Firn
 21397 | Lair:3   | Found a transporter.
 21406 | Lair:3   | Found a transporter.
 21406 | Lair:3   | Noticed Mandevil's ghost (adept TrEE)
 21592 | Lair:3   | Noticed Snorg
 21612 | Lair:3   | Killed Snorg
 21775 | Lair:3   | You fall into a shaft and drop 2 floors!
 21775 | Lair:5   | Entered Level 5 of the Lair of Beasts
 22055 | Lair:4   | Reached skill level 5 in Shields
 22814 | Lair:3   | Found a staircase to the Shoals.
 23130 | Lair:4   | Found a staircase to the Slime Pits.
 23411 | Lair:4   | Reached skill level 14 in Invocations
 24730 | Lair:5   | Reached ****** piety under Makhleb
 25563 | Lair:5   | Reached skill level 10 in Stealth
 25813 | Lair:5   | Reached XP level 15. HP: 76/124 MP: 25/25
 25935 | Lair:5   | Identified the +1 leather armour of Summertime {Regen+
                  | Str+4 Dex-2}
 26231 | Orc:1    | Entered Level 1 of the Orcish Mines
 26344 | Orc:1    | Found Hefa's Jewellery Shoppe.
 26491 | Orc:2    | Entered Level 2 of the Orcish Mines
 27019 | Orc:2    | Found a staircase to the Elven Halls.
 27144 | Orc:2    | Paralysed by an orc sorcerer for 3 turns
 27832 | Orc:2    | Found Peosiesh's Magic Scroll Shoppe.
 27848 | Orc:2    | Bought a scroll of identify for 30 gold pieces
 27848 | Orc:2    | Bought a scroll of teleportation for 45 gold pieces
 27848 | Orc:2    | Bought a scroll of identify for 30 gold pieces
 28134 | Orc:2    | Found Janeps's Antique Armour Shoppe.
 28135 | Orc:2    | Found Olaur's Antique Weapon Shoppe.
 28137 | Orc:2    | Found Uckat's General Store.
 28137 | Orc:2    | Found Omestrang's Book Emporium.
 28152 | Orc:2    | Bought a fine robe for 182 gold pieces
 28152 | Orc:2    | Identified the +0 robe of the Scribe {Str+5} (You bought it
                  | in a shop on level 2 of the Orcish Mines)
 28155 | Orc:2    | Bought a glowing rapier for 140 gold pieces
 28181 | Orc:2    | Paralysed by an orc sorcerer for 2 turns
 28502 | Orc:2    | Bought a helmet for 144 gold pieces
 28672 | Snake:1  | Entered Level 1 of the Snake Pit
 29244 | Snake:1  | Reached skill level 15 in Invocations
 29367 | Snake:1  | Identified the ring "Niemo" {rF+ Int+3 Dex+6}
 29735 | Snake:2  | Noticed a nagaraja
 29745 | Snake:2  | Killed a nagaraja
 30171 | Snake:2  | Noticed a nagaraja
 30278 | Snake:2  | Killed a nagaraja
 30600 | Snake:2  | HP: 2/127 [guardian serpent (6)]
 30600 | Snake:2  | Slain by an anaconda

Illustrated notes

Levels and vault maps discovered:
D:1:      dpeg_arrival_erosion, layout_rooms, serial_park_tiny_2,
          minmay_box_of_dots
D:2:      layout_rooms, shapermc_ecumenical_altar_venn, item_on_display_a
D:3:      layout_loops_ring, uniq_natasha
D:4:      layout_cave_pods, serial_column_ruins, column_ruins_open_large,
          column_ruins_columns_corner, column_ruins_grid_4, column_ruins_grid_1,
          minmay_manual_mullet
D:5:      layout_loops_corners, cheibrodos_sewer_entry_sluice,
          nicolae_grassy_gnolls, uniq_duvessa
D:6:      layout_loops_corners, gammafunk_temple_overflow_claw,
          mainiacjoe_overflow_concentric_impassable,
          mainiacjoe_overflow_alcove_4, nicolae_evil_shop, uniq_prince_ribbit1
D:7:      layout_layer_cave, minmay_temple_entry_enclosed_plants,
          minmay_door_square
D:8:      layout_gridville
D:9:      layout_roguey
D:10:     layout_cave_pods, minmay_lair_entry_grove, serial_shops, shop
D:11:     layout_small_grid, david_orc_2, st_stairs_4, minmay_misc_feat_pillars,
          minivault_16, abandoned_shop, okawaru_trees_1, uniq_lodul
D:12:     layout_cave_pools, gauntlet_entry_generic, gammafunk_ghost_arena,
          serial_shops, nicolae_lakefront_shop
D:13:     layout_rooms, serial_glass, glass_columns_a, glass_columns_b
D:14:     layout_gridville, david_vaults_4, serial_park_square3
          [serial_park_minivault_5x5_7]
Temple:   hellmonk_temple_divided_pantheon
Lair:1:   layout_cave_pods, infiniplex_staircase_pool, grunt_megastairs_4,
          uniq_nergalle
Lair:2:   dpeg_oklob_gauntlet, layout_cave_pods,
          minmay_snake_entry_guardpost_small
Lair:3:   layout_gridlike, minmay_shoals_entry_hut,
          nicolae_volcano_entry_vermiform, portal_ice_cave_entry_pillars_1,
          gammafunk_ghost_arena, uniq_snorg
Lair:4:   layout_regular_city, slime_entry_1, chequers_serial_rivers_micro_e,
          grunt_megastairs_2, serial_bayou_shore_a
Lair:5:   evilmike_catoblepas_cave, layout_hall_layers, serial_bayou_ford_a,
          st_stairs_7, fungi_pond_lemuel, chequers_serial_rivers_micro_b,
          dreamdust_mushroom_princess
Snake:1:  layout_rooms
Snake:2:  nicolae_snake_unarmed_stairs_patrol, layout_gridlike, serial_curves,
          eino_curves_01, eino_curves_03, grunt_ministairs_9
Orc:1:    layout_caves, serial_shops, shop_fountains, mines1_david
Orc:2:    st_orc_congregation, layout_diamond_mine, special_room, serial_shops,
          shop_statue

Skill      XL: |  1  2  3  4  5  6  7  8  9 10 11 12 13 14 15 |
---------------+----------------------------------------------+-----
Short Blades   | 2 3 4 6 7 9 10 11 12 13 | 13.5
Dodging        | 2 5 8 12 | 12.4
Invocations    | 8 10 11 13 14 15 | 15.3
Fighting       | 6 8 9 10 11 12 | 12.2
Stealth        | 5 7 8 10 | 10.9
Throwing       | 3 5 6 8 9 |  9.0
Shields        | 1 4 6 7 |  7.5

Action                   |  1- 3 |  4- 6 |  7- 9 | 10-12 | 13-15 || total
-------------------------+-------+-------+-------+-------+-------++-------
Melee: Dagger            |   124 |   105 |   458 |   658 |       ||  1345
       Punch             |     2 |     1 |     9 |    15 |       ||    27
       Tailslap          |     7 |    18 |    72 |   170 |   624 ||   891
       Rapier            |       |       |       |   206 |  2453 ||  2659
Throw: Dart              |    28 |    16 |    30 |    55 |   201 ||   330
       Throwing net      |       |       |     1 |     2 |       ||     3
       Boomerang         |       |       |       |       |     9 ||     9
Invok: Lesser Servant of |       |       |       |     3 |     4 ||     7
       Minor Destruction |       |       |       |     1 |     4 ||     5
       Major Destruction |       |       |       |       |     2 ||     2
       Greater Servant o |       |       |       |       |     1 ||     1
 Abil: Evoke Invisibilit |       |       |       |       |     1 ||     1
Evoke: Wand              |       |     3 |    11 |     8 |    30 ||    52
       Phantom mirror    |       |       |       |       |     1 ||     1
  Use: Scroll            |       |     7 |     3 |    10 |    11 ||    31
       Potion            |       |       |       |     1 |     3 ||     4
 Stab: Sleeping          |     7 |    11 |    17 |    10 |    28 ||    73
       Distracted        |       |     2 |     1 |     3 |    10 ||    16
       Held in net/web   |       |       |     1 |     2 |       ||     3
       Invisible         |       |       |       |     4 |       ||     4
       Petrified         |       |       |       |       |     1 ||     1
Armor: Robe              |    25 |    18 |    22 |       |    17 ||    82
       Leather armour    |       |       |    27 |    96 |   248 ||   371
Dodge: Dodged            |    47 |    35 |   208 |   555 |  1351 ||  2196
       Repelled          |       |       |       |     3 |    28 ||    31
Block: Buckler           |       |       |       |    29 |   869 ||   898
       Reflection        |       |       |       |       |    21 ||    21

Table legend: (Time is in decaauts)
 A = Elapsed time spent in this place.
 B = Non-inter-level travel time spent in this place.
 C = Inter-level travel time spent in this place.
 D = Time resting spent in this place.
 E = Time spent auto-exploring this place.
 F = Levels seen in this place.
 G = Mean time per level.
                   A        B        C        D        E       F      G
               +--------+--------+--------+--------+--------+-----+--------+
         Total |  29190 |  27902 |   1288 |   3152 |  17575 |  26 | 1122.7 |
       Dungeon |  15035 |  14296 |    739 |   1310 |   9520 |  14 | 1073.9 |
        Temple |     23 |     12 |     11 |      0 |      6 |   1 |   23.0 |
          Lair |   7561 |   7273 |    288 |   1001 |   4593 |   5 | 1512.2 |
     Snake Pit |   1792 |   1772 |     20 |    279 |   1013 |   2 |  896.0 |
  Orcish Mines |   2113 |   1883 |    230 |     22 |   1135 |   2 | 1056.5 |
         Sewer |    937 |    937 |      0 |     39 |    609 |   1 |  937.0 |
      Ice Cave |   1726 |   1726 |      0 |    499 |    698 |   1 | 1726.0 |
               +--------+--------+--------+--------+--------+-----+--------+

Top non-repeatable levels by time:
  Lair:2: 2129 daAuts
    D:14: 2085 daAuts
  Lair:4: 1835 daAuts
   IceCv: 1726 daAuts
   Orc:2: 1593 daAuts
  Lair:5: 1498 daAuts
    D:11: 1295 daAuts
     D:3: 1222 daAuts
    D:10: 1209 daAuts
     D:6: 1204 daAuts
  Lair:3: 1191 daAuts
     D:4: 1155 daAuts
     D:8: 1141 daAuts
     D:5: 1114 daAuts
 Snake:2: 938 daAuts
